Map: Moondance

Players

MattBarry - Winner!

  • Race: Terran Terran
  • League: Silver
  • Spawn Location: 12:00

NwCultivated

  • Race: Terran Terran
  • League: Bronze
  • Spawn Location: 6:00

VOD

Have the link to the VOD?

Description

Time

  • Played on: Jan. 20, 2023, 3:31 a.m.
  • Length: 7:02
Show
View Real Time Build Order
Export as new Build Order

MattBarry Terran - Winner!

Build Orders:  

Get SALT Encoding   

  12  0:01  SCV  
  13  0:13  SCV  
  14  0:21  Supply Depot  
  14  0:30  SCV  
  15  0:42  SCV  
  16  0:45  Barracks  
  16  0:59  Barracks  
  16  1:04  Refinery  
  16  1:48  Reaper  
  16  1:52  Orbital Command  
  17  2:04  Marine  
  18  2:22  Marine  
  18  2:31  Reaper  
  18  2:40  Marine  
  18  3:03  Reaper  
  20  3:09  SCV  
  21  3:16  Marine  
  21  3:34  Reaper  
  22  3:35  Reaper  
  23  4:44  Supply Depot  
  23  4:51  Bunker  
  23  5:07  Supply Depot x2  
  23  5:29  Reaper x2  
  21  5:53  Command Center  
  21  6:01  Marine x2  
  23  6:19  Marine  
Show
View Real Time Build Order
Export as new Build Order

NwCultivated Terran 

Build Orders:  

Get SALT Encoding   

  12  0:20  Supply Depot  
  12  0:48  Barracks  
  12  1:00  SCV  
  13  1:12  SCV  
  14  1:24  SCV  
  15  1:36  SCV  
  16  1:40  Barracks  
  16  1:48  SCV  
  17  2:00  SCV  
  18  2:12  Marine, SCV  
  19  2:30  Marine  
  17  2:47  Marine  
  18  2:59  Marine  
  18  3:05  Marine  
  20  3:16  Marine  
  21  3:23  Marine  
  22  3:33  Bunker  
  21  3:34  Marine  
  16  3:42  Engineering Bay  
  14  3:49  SCV  
  14  3:52  Marine  
  12  4:10  Marine  
Tags
 
Matchup
TvT
Race
Terran
Replay Pack
Multiplayer
Spawn Locations
Cross Positions
Add a new tag
Caveats
  • Supply blocks, unpowered buildings, or Contaminate may cause inaccurate times.
  • Supply counts are checked every 10 seconds.